 Dungeon Crawl Stone Soup version 0.28-a0-998-gb9e9c7b67e (webtiles) character file.

Game seed: 5084512523561106900

443 BinkBink the Slasher (level 6, -3/56 HPs)
             Began as a Deep Dwarf Monk on Dec 6, 2021.
             Slain by an ogre (22 damage)
             ... on level 5 of the Dungeon.
             The game lasted 00:18:30 (3636 turns).

BinkBink the Slasher (Deep Dwarf Monk)              Turns: 3636, Time: 00:18:31

Health: -3/56      AC: 11    Str: 14    XL:     6   Next: 71%
Magic:  4/4        EV:  8    Int: 11    God:
Gold:   154        SH:  0    Dex: 23    Spells: 2/5 levels left

rFire   . . .      SeeInvis .   a - +0 falchion
rCold   + . .      Faith    .   (no shield)
rNeg    . . .      Spirit   .   h - +1 chain mail
rPois   .          Reflect  .   (no helmet)
rElec   .          Harm     .   g - +0 cloak
rCorr   .          Rampage  .   (no gloves)
Will    .....                   (no boots)
Stlth   ..........              (no amulet)
HPRegen 0.00/turn               e - +6 ring of dexterity
MPRegen 0.09/turn               l - ring of protection from cold

@: no status effects
A: damage resistance, heal wounds, sense surroundings 1, no regeneration
a: Heal Wounds


You were on level 5 of the Dungeon.
You visited 1 branch of the dungeon, and saw 5 of its levels.

You collected 154 gold pieces.

Inventory:

Hand Weapons
 a - a +0 falchion (weapon)
 f - a +0 long sword of venom
Armour
 g - a +0 cloak (worn)
 h - a +1 chain mail (worn)
Jewellery
 e - a +6 ring of dexterity (left hand)
 l - a ring of protection from cold (right hand)
Scrolls
 b - a scroll of identify
 c - a scroll of silence
 i - 2 scrolls of amnesia
Potions
 d - a potion of resistance
 k - a potion of invisibility {unknown}


   Skills:
 + Level 3.6 Fighting
 + Level 5.1 Long Blades
 * Level 4.0 Armour
 + Level 4.4 Dodging
 - Level 2.4 Stealth
 * Level 0.2 Spellcasting
 * Level 0.5 Necromancy


You had 2 spell levels left.
You knew the following spells:

 Your Spells              Type           Power      Damage    Failure   Level
a - Vampiric Draining     Necr           1%         2d6       100%        3

Your spell library contained the following spells:

 Spells                   Type           Power      Damage    Failure   Level
 Animate Skeleton         Necr           2%         N/A       99%         1
 Pain                     Necr           4%         1d4       99%         1
 Foxfire                  Conj/Fire      0%         2x1d4     100%        1
 Shock                    Conj/Air       0%         1d3       100%        1
 Conjure Flame            Conj/Fire      0%         6-21      100%        3
 Inner Flame              Hex/Fire       0%         N/A       100%        3
 Swiftness                Air            0%         N/A       100%        3
 Airstrike                Air            0%         N/A       100%        4
 Flame Wave               Conj/Fire      0%         2d4       100%        4


Dungeon Overview and Level Annotations

Branches:
Dungeon (5/15)
 Temple: D:4-7

Altars:
Qazlal
Sif Muna


Innate Abilities, Weirdness & Mutations

You are resistant to damage.
You can heal yourself by infusing magical energy.
You passively map a small area around you.
You do not regenerate.


Message History

Where to? (Enter - D:3 @ (x,y), ? - help)
There is a stone staircase leading down here.
You climb downwards.
You hear the sound of rushing water.
There is an entrance to a sewer on this level.
Hurry and find it before the portal rusts away!
The orc shouts!
The yak bellows! x6
Found a runed long sword.
There is a stone staircase leading up here.
A steam dragon comes into view.
The steam dragon hisses angrily.
A centaur skeleton comes into view.
Found 14 arrows and a bubbling orange potion.
Found a stone staircase leading up.
An orc comes into view. It is wielding a +0 club.
The yak gores you!
Found a leather armour.
The yak snorts and paws the ground.
The centaur skeleton hits you.
The centaur skeleton completely misses you.
There is a stone staircase leading up here.
The yak gores you but does no damage. The yak gores you but does no damage.
You see here a +0 long sword of venom.
f - a +0 long sword of venom The steam dragon breathes steam at you.
The ball of steam hits you! The yak gores you!
You hear a shout!
You are engulfed in a cloud of scalding steam.
The yak is engulfed in a cloud of scalding steam.
An ogre comes into view. It is wielding a +0 giant club.
The ogre shouts!
The yak is engulfed in a cloud of scalding steam.
Okay, then.
The orc is engulfed in a cloud of scalding steam.
The orc dies!
The yak is engulfed in a cloud of scalding steam.
A quokka comes into view.
The ogre hits you with a +0 giant club!
The ogre hits you with a +0 giant club!!
You die...

* * * ..##.. * ≈ ,
*#.#...,* , ......#
,, , ,....... , #. ,
..... .#.* , , ...##
...# * ** ,
#..##..#. ,,
##@#....#* , ...
.....###.O.# * ,
.... .....#rY..### .
.... ..[..(.Y....#
..............##..##
.......###o...###Y##
....*#..........#Y.#
.....###......YY...#
#.........<.§D#.##


You could see 4 yaks, an ogre, an orc and a quokka.

Vanquished Creatures
  2 scorpions (D:4)
  2 orc wizards (D:4)
  3 hound skeletons (D:4)
  11 adders
  3 worms (D:2)
  3 dart slugs
  15 orcs
  5 ball pythons
  9 bats
  6 endoplasms
  7 giant cockroaches
  11 goblins
  6 hobgoblins (D:2)
  3 jackals (D:1)
  5 quokkas
  3 frilled lizards
  13 kobolds
  4 rats (D:1)
111 creatures vanquished.

Vanquished Creatures (others)
  An orc (D:5)
1 creature vanquished.

Grand Total: 112 creatures vanquished

Notes
Turn   | Place    | Note
-------+----------+-------------------------------------------
     0 | D:1      | BinkBink the Deep Dwarf Monk began the quest for the Orb.
     0 | D:1      | Reached XP level 1. HP: 20/20 MP: 1/1
   162 | D:1      | Reached XP level 2. HP: 24/27 MP: 2/2
   343 | D:1      | Reached skill level 1 in Armour
   598 | D:1      | Reached XP level 3. HP: 19/34 MP: 3/3
  1295 | D:2      | Reached XP level 4. HP: 16/42 MP: 3/3
  1401 | D:2      | Reached skill level 4 in Long Blades
  1978 | D:3      | Reached XP level 5. HP: 21/49 MP: 4/4
  2345 | D:3      | Found a shimmering blue altar of Sif Muna.
  2528 | D:4      | Noticed an orc warrior
  2641 | D:4      | HP: 2/49 [orc (5)]
  2702 | D:4      | Found a stormy altar of Qazlal.
  2863 | D:4      | Reached XP level 6. HP: 22/56 MP: 5/5
  2952 | D:4      | Reached skill level 5 in Long Blades
  2993 | D:4      | Learned a level 3 spell: Vampiric Draining
  3033 | D:4      | Noticed an ice beast
  3613 | D:5      | Entered Level 5 of the Dungeon
  3613 | D:5      | Noticed a yak
  3613 | D:5      | Noticed a yak
  3613 | D:5      | Noticed a yak
  3613 | D:5      | Noticed a yak
  3613 | D:5      | Noticed a yak
  3613 | D:5      | Noticed a yak
  3614 | D:5      | Noticed a steam dragon
  3636 | D:5      | Slain by an ogre

Illustrated notes

Levels and vault maps discovered:
D:1:      lemuel_arrival_funnel, layout_basic, serial_corexii_hall,
          chequers_hall_statues_y, chequers_hall_statues_y
D:2:      minmay_evil_eye, layout_basic
D:3:      layout_rooms, nicolae_sif_muna_little_library, dk_noncrumbling_2
D:4:      cheibrodos_helix_gallery, layout_loops_ring, lemuel_tele_altar
D:5:      layout_cave_pools, nicolae_ru_awakened_eye, gup_sewer_entry_glass,
          uniq_grinder, uniq_eustachio

Skill      XL: |  1  2  3  4  5  6 |
---------------+-------------------+-----
Armour         | 1 2 3 4 |  4.0
Fighting       | 3 |  3.6
Long Blades    | 4 5 |  5.1
Dodging        | 4 |  4.4
Stealth        | |  2.4
Spellcasting   | |  0.2
Necromancy     | |  0.5

Action                   |  1- 3 |  4- 6 || total
-------------------------+-------+-------++-------
Melee: Falchion          |   162 |   399 ||   561
 Abil: Heal Wounds       |     1 |     6 ||     7
  Use: Scroll            |       |     8 ||     8
       Potion            |       |     2 ||     2
 Stab: Sleeping          |     8 |     1 ||     9
Armor: Robe              |    32 |    37 ||    69
       Chain mail        |       |   166 ||   166
Dodge: Dodged            |   112 |   188 ||   300

Table legend: (Time is in decaauts)
 A = Elapsed time spent in this place.
 B = Non-inter-level travel time spent in this place.
 C = Inter-level travel time spent in this place.
 D = Time resting spent in this place.
 E = Time spent auto-exploring this place.
 F = Levels seen in this place.
 G = Mean time per level.
                   A        B        C        D        E       F      G
               +--------+--------+--------+--------+--------+-----+--------+
         Total |   3690 |   3455 |    235 |      0 |   1402 |   5 |  738.0 |
       Dungeon |   3690 |   3455 |    235 |      0 |   1402 |   5 |  738.0 |
               +--------+--------+--------+--------+--------+-----+--------+

Top non-repeatable levels by time:
     D:4: 1150 daAuts
     D:2: 941 daAuts
     D:1: 922 daAuts
     D:3: 653 daAuts
     D:5: 22 daAuts
